Cogmind - Beta 13 @@@ ROGUE MODE // 2024.04.30 @ 22:02:57 Player: orthostice Result: Destroyed by S-27 Virus with Autogun Performance ------------- Evolutions (3) 1500 Regions Visited (6) 1200 Robots Destroyed (97) 485 Value Destroyed (2527) 2527 Prototype IDs (5) 100 Alien Tech Used (0) 0 Bonus (281) 281 TOTAL SCORE: 6093 Bonus ------- Follower Combat Kills 281 Cogmind --------- Core Integrity 0/700 Matter 300/300 Energy 99/100 System Corruption 0% Temperature Cool (0) Movement Core (100) Ox1 Location -7/Lower Caves Parts ------- > --- POWER (1) -------- (None) > --- PROPULSION (4) --- (None) > --- UTILITY (6) ------ Improved Utility Shielding > --- WEAPON (2) ------- Makeshift Spear > --- INVENTORY (5) ---- Heavy Ion Engine Light Armor Plating Shock Rifle Heavy Laser Axe Peak State ------------ > --- POWER ------------ Light Nuclear Core > --- PROPULSION ------- Airjet Aerolev Unit Xenon Bombardment Thruster > --- UTILITY ---------- High-capacity Storage Unit High-capacity Storage Unit Improved Utility Shielding Hacking Suite > --- WEAPON ----------- Shock Rifle Shock Rifle > --- INVENTORY -------- Improved Ion Engine Heavy Ion Engine Heavy Ion Engine Heavy Ion Engine Heavy Ion Engine Large Matter Pod Light Armor Plating Reactive Plating Heavy Laser Heavy Assault Rifle Autogun High-powered Shotgun Rocket Launcher Rocket Launcher [Rating: 31] Favorites ----------- Power Light Nuclear Core Engine Light Ion Engine Power Core Light Nuclear Core Propulsion Light Treads Treads Light Treads Leg Aluminum Leg Hover Unit Airjet Flight Unit Xenon Bombardment Thruster Utility Hacking Suite Storage High-capacity Storage Unit Processor Visual Processing Unit Hackware Hacking Suite Protection Improved Utility Shielding Weapon Heavy Assault Rifle Energy Gun Shock Rifle Ballistic Gun Heavy Assault Rifle Launcher Rocket Launcher Piercing Weapon Makeshift Spear Build | -11 -10 -9 -9 -8 -7 -7 ------- Run | Yrd Mat Mat Sto Mat Fac Low Slots Evolved 6 | . . 2 . 2 2 . Power . | . . . . . . . Propulsion 2 | . . 2 . . . . Utility 4 | . . . . 2 2 . Weapon . | . . . . . . . Parts Attached 108 | 7 12 19 9 45 7 9 Power 17 | 1 3 3 2 5 1 2 Engine 12 | 1 3 3 1 3 1 . Core 5 | . . . 1 2 . 2 Reactor . | . . . . . . . Propulsion 39 | 2 2 8 3 19 2 3 Treads 22 | 2 . 4 3 11 2 . Leg 14 | . 2 4 . 8 . . Wheel . | . . . . . . . Hover 2 | . . . . . . 2 Flight 1 | . . . . . . 1 Utility 12 | 1 5 1 . 4 1 . Device . | . . . . . . . Storage 5 | 1 2 . . 2 . . Processor 1 | . 1 . . . . . Hackware 2 | . . 1 . 1 . . Protection 4 | . 2 . . 1 1 . Artifact . | . . . . . . . Weapon 40 | 3 2 7 4 17 3 4 Energy Gun 9 | 2 . 3 . . 2 2 Energy Cannon . | . . . . . . . Ballistic Gun 21 | 1 2 4 2 11 1 . Ballistic Cannon . | . . . . . . . Launcher 9 | . . . 2 6 . 1 Special Weapon . | . . . . . . . Impact Weapon . | . . . . . . . Slashing Weapon . | . . . . . . . Piercing Weapon 1 | . . . . . . 1 Special Melee Weapon . | . . . . . . . Unidentified Prototypes . | . . . . . . . Parts Lost 39 | . 2 9 1 15 4 8 Power 5 | . 1 2 . . . 2 Propulsion 20 | . 1 2 1 10 3 3 Utility 4 | . . 1 . 2 . 1 Weapon 10 | . . 4 . 3 1 2 Highest Loss Streak 8 | . 1 8 1 5 3 7 To Critical Strikes 1 | . . . . . . 1 Average Slot Usage (%) 91 | . 96 97 100 95 78 48 Engine 7 | . 14 10 5 4 7 . Core 2 | . . . 5 4 . 5 Treads 25 | . 22 23 44 29 3 . Leg 6 | . 5 20 . 3 21 . Storage 13 | . 14 11 11 17 15 . Hackware 9 | . . 6 11 17 7 4 Protection 3 | . 6 3 . . 7 7 Energy Gun 2 | . 2 2 . . 11 10 Ballistic Gun 17 | . 25 18 21 17 2 . Naked Turns . | . . . . . . . Heaviest Build 97 | 12 49 51 51 96 97 13 Greatest Support 83 | 40 40 80 80 83 47 16 Greatest Overweight (x) 4 | . 2 2 . 4 3 2 Average Overweight (x) . | . . . . . 2 . Largest Inventory Capacity 20 | 8 20 20 20 20 20 20 Average Capacity 16 | 7 8 20 20 20 20 5 Most Carried 20 | 6 15 20 20 20 20 17 Average Carried 15 | 4 7 15 19 18 19 5 Final Capacity 20 | 8 20 20 20 20 20 5 Final Carried 20 | 6 15 17 20 18 17 5 Class Distribution -------------------- 63% | Scavenger-Mutant 34% | Mutant Dominant Class ---------------- Mutant | -10/Materials Scavenger-Mutant | -9/Materials Scavenger-Mutant | -9/Storage Scavenger-Mutant | -8/Materials Scavenger-Mutant | -7/Factory Mutant | -7/Lower Caves Resources | -11 -10 -9 -9 -8 -7 -7 ----------- Run | Yrd Mat Mat Sto Mat Fac Low Matter Collected 2263 | 241 325 330 198 775 117 277 Remotely . | . . . . . . . Salvage Created 2999 | 46 638 693 168 1123 214 117 Parts 248 | 11 52 61 19 82 15 8 Haulers Intercepted 1 | . . . . 1 . . Recyclers Shooed 3 | . . . . 2 1 . Parts Field Recycled . | . . . . . . . Retrieved Matter . | . . . . . . . Parts Self-Destructed 8 | . . . . . . 8 Prevented . | . . . . . . . Kills | -11 -10 -9 -9 -8 -7 -7 ------- Run | Yrd Mat Mat Sto Mat Fac Low Combat Hostiles Destroyed 67 | . 14 16 3 26 6 2 Melee 2 | . . . . . . 2 Guns 55 | . 14 16 2 19 4 . AOE 10 | . . . 1 7 2 . Classes Destroyed 12 | 1 6 2 . 2 . 1 Worker 7 | . 1 2 1 2 1 . Builder 4 | . . 1 . 3 . . Tunneler 3 | 2 1 . . . . . Hauler 1 | . . . . 1 . . Recycler 4 | . 2 1 . 1 . . Operator 5 | . 1 1 2 1 . . Watcher 6 | . 2 1 . 2 1 . Swarmer 25 | . 6 6 . 7 6 . Grunt 28 | . 8 5 1 13 . 1 Duelist 1 | . . . . . . 1 Sentry 12 | . . 5 2 5 . . Hunter 1 | . . . . 1 . . Best Kill Streak 8 | 2 4 5 2 8 5 1 Combat Bots Only 5 | . 3 5 1 5 3 1 Max Kills in Single Turn 4 | 1 1 2 1 4 2 1 Gunslinging 1 | . . 1 . . . . Exploded 2 | . . . 1 2 2 . Melee 1 | . . . . . . 1 Uniques/NPCs Destroyed . | . . . . . . . Combat | -11 -10 -9 -9 -8 -7 -7 -------- Run | Yrd Mat Mat Sto Mat Fac Low Hostile Shots Fired 628 | . 67 123 28 273 54 83 Missed 151 | . 14 26 9 61 17 24 Damage Taken 6777 | . 696 1190 284 2950 586 1071 Core 1291 | . 115 164 29 267 104 612 Absorbed by Shields . | . . . . . . . Redirected to Shielding 71 | . 29 . . . 26 16 Regen/Repaired (Parts) 162 | . . . . 162 . . Core Remaining (%) 64 | 100 54 . 51 51 . . Volleys Fired 232 | 3 57 48 14 90 18 2 Largest 2 | 2 2 2 2 2 2 2 Hottest 119 | 70 70 115 66 66 119 100 Shots Fired 442 | 6 114 81 28 179 31 3 Gun 424 | 6 114 81 26 164 31 2 Cannon . | . . . . . . . Launcher 18 | . . . 2 15 . 1 Special . | . . . . . . . Kinetic 361 | 3 103 61 26 164 4 . Thermal 52 | 3 11 20 . . 18 . Explosive 18 | . . . 2 15 . 1 Electromagnetic 11 | . . . . . 9 2 Robot Hit Streak 17 | 2 9 10 8 17 6 . Robot Miss Streak 5 | 1 3 3 2 3 5 5 Penetration Max . | . . . . . . . Secondary Targets 8 | . 2 3 . 3 . . Max Gunslinging Chain 1 | . 1 1 . 1 . . Shots Hit Robots 301 | 4 73 55 19 130 16 4 Core Hits 167 | 2 35 32 12 72 10 4 Critical Kills . | . . . . . . . Critical Parts Destroyed 2 | . 1 . . 1 . . Critical Strikes 6 | . 2 1 . 1 2 . Burn 3 | . 1 1 . . 1 . Destroy 2 | . 1 . . 1 . . Corrupt 1 | . . . . . 1 . Melee Attacks 5 | . . . . . . 5 Impact . | . . . . . . . Slashing . | . . . . . . . Piercing 5 | . . . . . . 5 Sneak Attacks 1 | . . . . . . 1 Combat Hostiles . | . . . . . . . Follow-up Attacks . | . . . . . . . Damage Inflicted 5638 | 50 902 756 385 2985 420 140 Guns 4073 | 50 805 743 315 1831 329 . Cannons . | . . . . . . . Explosions 1366 | . 97 . 23 1140 91 15 Melee 125 | . . . . . . 125 Ramming 74 | . . 13 47 14 . . Kinetic 3414 | 25 716 497 315 1831 30 . Thermal 644 | 25 89 246 . . 284 . Explosive 1275 | . 97 . 23 1140 . 15 Electromagnetic 106 | . . . . . 106 . Impact . | . . . . . . . Slashing . | . . . . . . . Piercing 125 | . . . . . . 125 Highest Corruption . | . . . . . . . Average Corruption . | . . . . . . . Corruption Purged . | . . . . . . . Corruption Blocked . | . . . . . . . Overload Shots . | . . . . . . . Overflow Damage 152 | . . . 7 145 . . Projectiles . | . . . . . . . Explosions 145 | . . . . 145 . . Melee 7 | . . . 7 . . . Knockbacks 1 | . . . 1 . . . Impact 1 | . . . 1 . . . Kinetic . | . . . . . . . Secondary . | . . . . . . . Self-Inflicted Damage 217 | . 113 . . 71 33 . Shots 4 | . 1 . . 2 1 . Rammed 6 | . . . 4 2 . . Targets Rammed 9 | . . 1 5 3 . . Kicked . | . . . . . . . Crushed 3 | . . 1 1 1 . . Highest Temperature 409 | 27 147 409 3 21 159 33 Average Temperature 63 | 14 41 135 1 7 57 18 Received Heat Transfer 2217 | . 273 372 69 1152 . 351 Effects 1 | . . 1 . . . . Shutdowns 1 | . . 1 . . . . Siege Activations . | . . . . . . . Robots Corrupted . | . . . . . . . Combat Hostiles . | . . . . . . . Parts Fried . | . . . . . . . Impact Corruptions 1 | . . . 1 . . . Robots Melted . | . . . . . . . Combat Hostiles . | . . . . . . . Parts Melted 2 | . . 2 . . . . Heat Transferred 1604 | 74 333 703 . . 494 . Parts Sabotaged . | . . . . . . . Parts Stolen . | . . . . . . . Parts Stripped . | . . . . . . . Power Chain Reactions 1 | . . . . . 1 . Alert | -11 -10 -9 -9 -8 -7 -7 ------- Run | Yrd Mat Mat Sto Mat Fac Low Peak Influence 486 | 10 222 270 486 356 264 . Initial 156 | . 6 2 113 133 156 . Average 147 | 4 50 148 279 144 196 . Maximum Alert Level 2 | . 1 1 2 1 1 . Low Security (%) 62 | 100 96 62 19 61 51 . Level 1 36 | . 3 37 75 38 48 . Level 2 . | . . . 5 . . . Level 3 . | . . . . . . . Level 4 . | . . . . . . . Level 5 . | . . . . . . . High Security . | . . . . . . . Max Security . | . . . . . . . Squads Dispatched 17 | . 4 3 2 8 . . Investigation 4 | . 2 . . 2 . . Extermination . | . . . . . . . Reinforcement 7 | . 2 3 2 . . . Assault . | . . . . . . . Garrison 6 | . . . . 6 . . Intercept . | . . . . . . . Searches Triggered . | . . . . . . . Construction Impeded . | . . . . . . . Haulers Reinforced . | . . . . . . . Active Scanning Responses . | . . . . . . . Cargo Convoy Interrupts . | . . . . . . . Stealth | -11 -10 -9 -9 -8 -7 -7 --------- Run | Yrd Mat Mat Sto Mat Fac Low Distress Signals 9 | . 4 . 2 2 1 . Communications Jammed . | . . . . . . . Distress Signals . | . . . . . . . Times Spotted 131 | . 21 20 26 38 13 13 Peak Tracking Total 7 | . 4 7 6 5 4 4 Tactical Retreats 12 | . 1 . 1 3 1 6 Traps | -11 -10 -9 -9 -8 -7 -7 ------- Run | Yrd Mat Mat Sto Mat Fac Low Traps Triggered 2 | . 2 . . . . . Indirectly . | . . . . . . . Trap Hack Attempts . | . . . . . . . Triggered . | . . . . . . . Disarmed . | . . . . . . . Reprogrammed . | . . . . . . . Reused . | . . . . . . . Traps Extracted . | . . . . . . . Installed . | . . . . . . . Triggered . | . . . . . . . Machines | -11 -10 -9 -9 -8 -7 -7 ---------- Run | Yrd Mat Mat Sto Mat Fac Low Machines Disabled 10 | . 2 . . 7 1 . Max in Single Turn 2 | . 2 . . 2 1 . Machines Repaired . | . . . . . . . Machines Dismantled . | . . . . . . . Machines Sabotaged . | . . . . . . . Overloaded Fab Kills . | . . . . . . . Hacking | -11 -10 -9 -9 -8 -7 -7 --------- Run | Yrd Mat Mat Sto Mat Fac Low Machines Accessed 17 | . 2 . 4 11 . . Terminals 13 | . 2 . 4 7 . . Fabricators . | . . . . . . . Repair Stations 2 | . . . . 2 . . Recycling Units 1 | . . . . 1 . . Scanalyzers 1 | . . . . 1 . . Garrison Access . | . . . . . . . Total Hacks 36 | . 3 . 6 27 . . Successful 30 | . 1 . 4 25 . . Failed 6 | . 2 . 2 2 . . Catastrophic . | . . . . . . . Database Lockouts . | . . . . . . . Manual . | . . . . . . . Terminals 22 | . 3 . 6 13 . . Fabricators . | . . . . . . . Repair Stations 4 | . . . . 4 . . Recycling Units 3 | . . . . 3 . . Scanalyzers 7 | . . . . 7 . . Garrison Access . | . . . . . . . Terminal Hacks 16 | . 1 . 4 11 . . Record 2 | . . . . 2 . . Robot Analysis 1 | . . . . 1 . . Prototype ID Bank 1 | . . . . 1 . . Open Door 3 | . . . 3 . . . Terminal Index 1 | . . . . 1 . . Alert Level 3 | . . . . 3 . . Unreport Threat 3 | . 1 . . 2 . . Dispatch Records 1 | . . . 1 . . . Zone Layout 1 | . . . . 1 . . Fabricator Hacks . | . . . . . . . Repair Station Hacks 4 | . . . . 4 . . Scan Component 2 | . . . . 2 . . Repair 2 | . . . . 2 . . Recycling Unit Hacks 3 | . . . . 3 . . Recycle Component 2 | . . . . 2 . . Process 1 | . . . . 1 . . Scanalyzer 7 | . . . . 7 . . Insert Component 3 | . . . . 3 . . Analyze 4 | . . . . 4 . . Garrison Access Hacks . | . . . . . . . Unauthorized Hacks . | . . . . . . . Terminals . | . . . . . . . Fabricators . | . . . . . . . Repair Stations . | . . . . . . . Recycling Units . | . . . . . . . Scanalyzers . | . . . . . . . Garrison Access . | . . . . . . . Data Cores Recovered 1 | . . . . 1 . . Used . | . . . . . . . Hacking Detections 6 | . . . 1 5 . . Full Trace Events 2 | . . . . 2 . . Feedback Events . | . . . . . . . Feedback Blocked . | . . . . . . . Robot Schematics Acquired . | . . . . . . . Robots Built . | . . . . . . . Authchips . | . . . . . . . Time . | . . . . . . . Total Robot Build Rating . | . . . . . . . Part Schematics Acquired 3 | . . . . 3 . . Parts Built . | . . . . . . . Authchips . | . . . . . . . Time . | . . . . . . . Total Part Build Rating . | . . . . . . . Parts Repaired 2 | . . . . 2 . . Time 64 | . . . . 64 . . Parts Recycled 2 | . . . . 2 . . Recycled Matter 10 | . . . . 10 . . Retrieved Matter . | . . . . . . . Retrieved Components . | . . . . . . . Parts Scanalyzed 3 | . . . . 3 . . Part Schematics Acquired 3 | . . . . 3 . . Parts Damaged . | . . . . . . . Bothacking | -11 -10 -9 -9 -8 -7 -7 ------------ Run | Yrd Mat Mat Sto Mat Fac Low Used RIF Installer . | . . . . . . . Robots Hacked . | . . . . . . . Non-combat . | . . . . . . . Combat . | . . . . . . . Robot Hacks Applied . | . . . . . . . Relay Couplers Released . | . . . . . . . Fabnet Peak Effective % . | . . . . . . . Robots Rewired . | . . . . . . . Allies Hacked . | . . . . . . . Hacks Repelled . | . . . . . . . Allies | -11 -10 -9 -9 -8 -7 -7 -------- Run | Yrd Mat Mat Sto Mat Fac Low Total Allies 10 | . . . 10 . . . Largest Group 10 | . . . 10 3 . . Highest-Rated Group 88 | . . . 88 24 . . Highest-Rated Ally 16 | . . . 16 8 . . Total Orders . | . . . . . . . Ally Attacks 116 | . . . 108 8 . . Total Damage 1012 | . . . 956 56 . . Kills 18 | . . . 18 . . . Allies Corrupted . | . . . . . . . Allies Melted . | . . . . . . . Intel | -11 -10 -9 -9 -8 -7 -7 ------- Run | Yrd Mat Mat Sto Mat Fac Low Robot Analysis Total 1 | . . . . 1 . . Derelict Logs Recovered 2 | . . . . . . 2 Drone Launches . | . . . . . . . Drone Recoveries . | . . . . . . . Exploration | -11 -10 -9 -9 -8 -7 -7 ------------- Run | Yrd Mat Mat Sto Mat Fac Low Turns Passed 6476 | 140 1375 610 1008 2322 547 474 Spaces Moved 3331 | 75 677 251 565 874 159 730 Core 123 | 5 . . . . . 118 Treads 2132 | 70 511 157 565 792 37 . Legs 464 | . 166 94 . 82 122 . Wheels . | . . . . . . . Hover 612 | . . . . . . 612 Flight . | . . . . . . . Fastest Speed 50 | 50 120 160 160 160 262 51 Average Speed 159 | 152 157 171 160 214 302 60 Slowest Speed 480 | 160 260 260 160 480 330 150 Overloaded Moves . | . . . . . . . Propulsion Burnouts . | . . . . . . . Robots Hopped . | . . . . . . . Cave-ins Triggered . | . . . . . . . Exploration Rate (%) 43 | 4 85 27 62 54 4 67 Regions Visited 6 Branch Regions 2 Pre-discovered Areas 1 | . . . . . . 1 Known Exits Taken . | . . . . . . . Unknown Exits Taken 6 | 1 1 1 1 1 1 . Scrap Searched 4 | . . . . . . 4 Spaces Dug 17 | . . . . 17 . . Terrain Destroyed 177 | . 25 . 22 120 4 6 Melee . | . . . . . . . Projectile . | . . . . . . . AOE 177 | . 25 . 22 120 4 6 Terrain Rammed . | . . . . . . . Walls Destroyed . | . . . . . . . Machines Disabled . | . . . . . . . Actions | -11 -10 -9 -9 -8 -7 -7 --------- Run | Yrd Mat Mat Sto Mat Fac Low Total 4057 | 91 884 350 651 1129 198 754 Wait 221 | 1 108 12 13 81 6 . Move 3325 | 74 676 250 564 873 158 730 Hop . | . . . . . . . Pick Up 97 | 6 20 16 24 23 6 2 Fast Attach 13 | 6 1 . . 5 . 1 Attach 41 | . 6 11 1 15 4 4 Detach 2 | . . . . 2 . . Swap 54 | 1 5 8 8 25 3 4 Drop 58 | . 11 4 22 12 3 6 Fire 232 | 3 57 48 14 90 18 2 Melee 5 | . . . . . . 5 Ram . | . . . . . . . Kick . | . . . . . . . Crush 9 | . . 1 5 3 . . Escape Stasis . | . . . . . . . Rewire . | . . . . . . . Trap . | . . . . . . . Miscellaneous . | . . . . . . . Route ------- -11/Scrapyard -10/Materials (discovered 4 exits: [*Mat x3] / [*Min]) -9/Materials -9/Storage -8/Materials -7/Factory -7/Lower Caves History --------- Turn | Location | Event 5 | -11/Scrapyard | Discovered new exit (range 16) 141 | -11/Scrapyard | Entered Materials 314 | -10/Materials | Build established: Mutant 618 | -10/Materials | Discovered new exit (range 6) 918 | -10/Materials | Discovered new exit (range 18) 1286 | -10/Materials | Discovered new exit (range 3) 1456 | -10/Materials | Discovered new exit (range 4) 1516 | -10/Materials | Entered another Materials area 1516 | -9/Materials | Evolved 2 slots: Propulsion x2 1763 | -9/Materials | Lost 8 parts (2p2n1u3w) 1993 | -9/Materials | Discovered new exit (range 8) 2070 | -9/Materials | Build established: Scavenger-Mutant 2126 | -9/Materials | Entered Storage 2281 | -9/Storage | Assisted by bots powering up and referring to "LRC-V3" 2377 | -9/Storage | Lost 3 allies 2526 | -9/Storage | Lost 3 allies 3053 | -9/Storage | Discovered new exit (range 15) 3134 | -9/Storage | Entered Materials 3134 | -8/Materials | Accompanied by 3 allies 3134 | -8/Materials | Evolved 2 slots: Utility x2 3201 | -8/Materials | Repaired Hvy. Assault Rifle 3307 | -8/Materials | Lost 3 allies 3323 | -8/Materials | Garrison activated, responded to threat 4208 | -8/Materials | Repaired Hvy. Assault Rifle 4451 | -8/Materials | Garrison activated, responded to threat 5219 | -8/Materials | Lost 5 parts (3n2w) 5431 | -8/Materials | Discovered new exit (range 15) 5456 | -8/Materials | Entered Factory 5456 | -7/Factory | Evolved 2 slots: Utility x2 5900 | -7/Factory | Lost 3 parts (2n1w) 5917 | -7/Factory | Discovered new exit (range 11) 6003 | -7/Factory | Entered Lower Caves 6284 | -7/Lower Caves | Attracted the attention of an 0b10 outpost 6296 | -7/Lower Caves | Build established: Mutant 6378 | -7/Lower Caves | Core integrity fell below 50% 6384 | -7/Lower Caves | Lost 7 parts (1p3n1u2w) 6408 | -7/Lower Caves | Learned Factory security intel 6471 | -7/Lower Caves | Core integrity fell below 20% 6477 | -7/Lower Caves | Destroyed by S-27 Virus with Autogun Last Messages --------------- Acquired Axe. Carbon-fiber Leg fries itself beyond repair. Penetrated by Slug. Xenon Bombardment Thruster destroyed. Sneak attack on G-47 Trooper. G-47 Trooper destroyed. Acquired 1 matter. Acquired Lgt. Nuclear Core. Penetrated by Slug. Acquired 10 matter. Searching scrap... Found Adv. Weight Redist. System. Found Adv. Targeting Computer. Found Imp. Medium Armor Plating. Found 40 Matter. Lgt. Nuclear Core destroyed. Acquired derelict log, extracted data. Data stored: Factory security intel. Acquired derelict log, extracted data. World map updated: -6/Factory. Map ----- +----------------------------------------------------+ | | | | | | | | | | | | | | | | | | | ?????????????????????????????????????????????????? | | ?????????????????????????????????????????????????? | | ?????????????????????????????????????????????????? | | ?????????????????????????????????????????????????? | | ?????????????????????????????????????????????????? | | ?????????????????????????????????????????????????? | | ?????????????????????????????????????????????????? | | ?????????????????????????????????????????????????? | | ??????????????????????###????????????????????????? | | ?????????????????????## ##??????????????????????? | | ?????????????????????# #??????????????????????? | | ????????????????????? g #??????????????????????? | | ?????????????????????? #??????????????????????? | | ?????????????????????#? #??????????????????????? | | ????????????#????##### # ##?????????????????????? | | ???????????## ### # ##????????????????????? | | ???????????# @ #????????????????????# | | ???????????# #??????????????????### | | ????????????# s #??????????????????# | | ????????????# s #?#####????????????# | | ?????????? #### s ## ##?????????????# | | ??????????????????### ####??????????? | | ????????????????????## ##?????????# | | ?????????????????????## !% % ????## | | ??????????????????????## ## ### % ???## | | ???????????????????????### #?# ##????? % ?????# | | ?????????????????????????# ### #???????# ????# | | ?????????????????????????# #????????# ???## | | ?????????????????????????## ###&&#???????# #???# | | ??????????????????????????# #????????????# #?## | | ??????????????????????????# #????????????# % ## % | | ??????????????????????????# #????????????# % | | ??????????????????????????# #????????????#### % % | | ??????????????????????????# #???? ?????????### % | | ??????????????????????????# #??? ???????????## | | ??????????????????????????# #??? #?????##???### | | ??????????????????????????# #??? #??#### ## | | ??????????????????????????# #??? #??# | | ????????????????????????### ###? #?# | | ????????????????????????# ## #?# "# | | ???????????????????????" # #?### #?# | +----------------------------------------------------+ Best States ------------- Heat Dissipation 34 Energy Generation 14 Energy Capacity 280 Matter Stores 300 Matter Capacity 300 Sight Range 18 Terrain Scan Density 10 Armor Coverage 225 Propulsion Shielding 33 Utility Shielding 66 Evasion (%) 55 Recoil Reduction 4 Offensive Hacking 20 Item Schematics ----------------- Hvy. Ion Engine | -8/Materials | Scanalyzed Imp. Medium Laser | -8/Materials | Scanalyzed Aerolev Unit | -8/Materials | Scanalyzed Robot Schematics ------------------ None Fabricated ------------ Nothing Alien Tech Used ----------------- None Achievements -------------- The More The Merrier Challenges ------------ None Game ------ Seed GhostStealthInsulator Manual? 0 Play Time 01:07:40 Cumulative 8.3 hours Start 2024.04.30 @ 17:14:04 End 2024.04.30 @ 22:02:57 Sessions 3 Manual Loads 0 Difficulty Rogue Special Mode None Game No. 20 Rogue 20 Adventurer 0 Explorer 0 Win Type - Total 0 Types 0/0/0/0/0/0/0/0/0 Lore% 13 Gallery% 12 Achievement% 12 Wizard Run 0 Options --------- Layout 1 ASCII 0 Keyboard 0 Movement Vi Keybinds 0 Fullscreen 2 Font 32/SmallcapsGlow Map View 50x35 Zoom Use 0% Tactical HUD 0 Map Filters NONE Filters NONE Steam 1 RUN: 02ad8c1c-0080-41be-b419-11b6cf669cb5